 Dungeon Crawl Stone Soup version 0.20.2-3-g29329e0561 (webtiles) character file.

1248 Alfie the Slasher (level 8, -4/70 HPs)
             Began as a Minotaur Fighter on Jan 20, 2021.
             Killed by divine providence
             ... invoked by an orc priest
              (10 damage)
             ... on level 6 of the Dungeon.
             The game lasted 00:09:20 (3219 turns).

Alfie the Slasher (Minotaur Fighter)                Turns: 3219, Time: 00:09:20

Health: -4/70      AC: 10    Str: 23    XL:     8   Next: 26%
Magic:  7/7        EV:  9    Int:  5    God:
Gold:   177        SH: 10    Dex: 10    Spells: 7/7 levels left

rFire    . . .     SeeInvis .   a - +1 long sword
rCold    . . .     Gourm    .   c - +0 shield
rNeg     . . .     Faith    .   b - +1 scale mail
rPois    .         Spirit   .   (helmet restricted)
rElec    .         Reflect  .   (no cloak)
rCorr    .         Harm     .   i - +1 pair of gloves
MR       .....                  (no boots)
Stlth    +.........             (no amulet)
Regen    0.3/turn               e - ring of stealth
MPRegen  0.1/turn               (no ring)

@: drained
A: retaliatory headbutt, horns 2
a: no special abilities


You were on level 6 of the Dungeon.
You were not hungry.

You visited 1 branch of the dungeon, and saw 6 of its levels.

You collected 177 gold pieces.

Inventory:

Hand Weapons
 a - a +1 long sword (weapon)
Armour
 b - a +1 scale mail (worn)
 c - a +0 shield (worn)
 i - a +1 pair of gloves (worn)
Jewellery
 e - a ring of stealth (left hand)
 s - an uncursed ring of flight
 w - an uncursed ring of wizardry
Wands
 p - a wand of lightning (7/15)
Scrolls
 g - 5 scrolls of remove curse
 j - 5 scrolls of identify
Potions
 h - a potion of brilliance {unknown}
 k - 2 potions of lignification
 l - a potion of degeneration {unknown}
 m - a potion of magic {unknown}
 v - 2 potions of agility {unknown}
Comestibles
 d - 2 meat rations
 f - a bread ration
 o - a royal jelly


   Skills:
 + Level 5.9(5.7) Fighting
 + Level 7.2(7.0) Long Blades
 + Level 6.4(6.2) Armour
 + Level 3.0(2.8) Dodging
 + Level 0.6(0.5) Stealth
 + Level 6.6(6.4) Shields


You had 7 spell levels left.
You didn't know any spells.

Dungeon Overview and Level Annotations

Branches:
Dungeon (6/15)             Temple (0/1) D:4

Altars:
Elyvilon
Gozag

Annotations:
D:3 Natasha


Innate Abilities, Weirdness & Mutations

You reflexively headbutt those who attack you in melee.
You have a pair of horns on your head.


Message History

You hit the orc warrior.
The orc warrior is heavily wounded.
You block the wight's attack.
You barely miss the orc warrior.
The orc warrior is heavily wounded.
The orc warrior hits you with a battleaxe!
* * * LOW HITPOINT WARNING * * *
You block the wight's attack.
You closely miss the orc warrior.
You headbutt the orc warrior, but do no damage.
The orc warrior is heavily wounded.
The orc warrior hits you with a battleaxe!
* * * LOW HITPOINT WARNING * * *
The wight completely misses you.
You hit the orc warrior.
You headbutt the orc warrior, but do no damage.
The orc warrior is severely wounded.
The orc priest calls down the wrath of Beogh upon you.
Beogh smites you!
You die...

#....# #†...# ..c
#....# .. #<...# #
#.# ##....# .#.o
#.....# ...#
###....(#
#####..####...#####
.......#zo@.###
#..oc#### #....#
#....# ######


You could see an orc warrior, a centaur, a wight and an orc priest.

Vanquished Creatures
  The ghost of Alfie the Shield-Bearer, a novice MiFi (D:4)
  An orc warrior (D:6)
  An ogre (D:5)
  4 wights (D:6)
  A howler monkey (D:5)
  3 crimson imps
  An orc priest (D:4)
  A hound (D:4)
  2 orc wizards (D:5)
  A centaur skeleton (D:4)
  Natasha (D:3)
  3 worker ants (D:4)
  A killer bee zombie (D:5)
  Robin (D:3)
  5 adders
  An ooze (D:3)
  An adder skeleton (D:5)
  3 worms
  3 dart slugs
  3 leopard geckos
  18 orcs
  8 bats
  3 giant cockroaches
  11 goblins
  9 hobgoblins
  4 jackals
  7 kobolds
  A quokka (D:2)
  A ball python (D:5)
  A ball python zombie (D:5)
  5 frilled lizards
  A quokka skeleton (D:4)
  14 rats
121 creatures vanquished.

Notes
Turn   | Place    | Note
-------+----------+-------------------------------------------
     0 | D:1      | Alfie the Minotaur Fighter began the quest for the Orb.
     0 | D:1      | Reached XP level 1. HP: 19/19 MP: 0/0
   192 | D:1      | Reached XP level 2. HP: 27/27 MP: 1/1
   624 | D:2      | Reached XP level 3. HP: 33/33 MP: 2/2
   767 | D:2      | Found a white marble altar of Elyvilon.
  1329 | D:3      | Reached XP level 4. HP: 30/41 MP: 3/3
  1371 | D:3      | Reached skill level 3 in Long Blades
  1432 | D:3      | Noticed Robin
  1463 | D:3      | Killed Robin
  1793 | D:3      | Noticed Natasha
  1798 | D:3      | Killed Natasha
  1798 | D:3      | Reached XP level 5. HP: 43/47 MP: 4/4
  1947 | D:3      | Noticed Natasha
  1979 | D:4      | Reached skill level 4 in Long Blades
  2012 | D:4      | Noticed Alfie's ghost (novice MiFi)
  2022 | D:4      | Killed Alfie's ghost
  2022 | D:4      | Reached skill level 5 in Fighting
  2022 | D:4      | Reached skill level 5 in Long Blades
  2022 | D:4      | Reached skill level 5 in Armour
  2022 | D:4      | Reached skill level 1 in Dodging
  2022 | D:4      | Reached skill level 5 in Shields
  2022 | D:4      | Reached XP level 6. HP: 21/56 MP: 5/5
  2022 | D:4      | Reached XP level 7. HP: 23/61 MP: 6/6
  2322 | D:4      | Found a staircase to the Ecumenical Temple.
  2545 | D:5      | Entered Level 5 of the Dungeon
  2579 | D:5      | Found an opulent altar of Gozag.
  2637 | D:5      | Reached skill level 6 in Long Blades
  3145 | D:6      | Reached XP level 8. HP: 70/70 MP: 7/7
  3169 | D:6      | Reached skill level 7 in Long Blades
  3219 | D:6      | Killed from afar by an orc priest

Skill      XL: |  1  2  3  4  5  6  7  8 |
---------------+-------------------------+-----
Armour         | 4 5 6 |  6.4
Fighting       | 4 5 |  5.9
Shields        | 4 5 6 |  6.6
Long Blades    | 3 5 6 7 |  7.2
Dodging        | 1 2 3 |  3.0
Stealth        | |  0.6

Action                   |  1- 3 |  4- 6 |  7- 9 || total
-------------------------+-------+-------+-------++-------
Melee: Long sword        |   114 |    82 |   171 ||   367
       Headbutt          |    22 |    19 |    18 ||    59
  Use: Scroll            |     4 |     1 |    11 ||    16
       Potion            |       |     1 |     3 ||     4
  Eat: Bread ration      |     1 |       |     1 ||     2
Armor: Scale mail        |    63 |    38 |    50 ||   151
       Skin              |       |       |    29 ||    29
Dodge: Dodged            |    44 |    26 |    40 ||   110
Block: Shield            |    63 |    45 |   100 ||   208
       Rpst.: Long sword |    13 |    14 |     7 ||    34
